 Dungeon Crawl Stone Soup version 0.31-a0-435-g2c6fae2916 (webtiles) character file.

Game seed: 5503477338430102691

261 randomguy2701 the Trooper (level 5, -3/48 HPs)
             Began as a Minotaur Fighter on Aug 2, 2023.
             Slain by Sigmund
             ... wielding a +0 scythe
              (5 damage)
             ... on level 4 of the Dungeon.
             The game lasted 00:02:48 (2799 turns).

randomguy2701 the Trooper (Minotaur Fighter)        Turns: 2799, Time: 00:02:49

Health: -3/48      AC:  9    Str: 21    XL:     5   Next: 96%
Magic:  4/4        EV:  9    Int:  5    God:
Gold:   207        SH:  0    Dex: 11    Spells: 4/4 levels left

rFire   . . .        a - +0 war axe
rCold   . . .        c - +0 buckler
rNeg    . . .        b - +0 scale mail
rPois   .            (helmet restricted)
rElec   .            (no cloak)
rCorr   +            r - +1 pair of gloves
SInv    +            (no boots)
Will    .....        (no amulet) Stlth
                     g - ring of resist corrosion
HPRegen 0.28/turn    k - ring of see invisible
MPRegen 0.09/turn

%: no passive effects
@: confused
A: horns 2, retaliatory headbutt
a: no special abilities


You were on level 4 of the Dungeon.
You visited 1 branch of the dungeon, and saw 4 of its levels.

You collected 207 gold pieces.

Inventory:

Hand Weapons
 a - a +0 war axe (weapon)
Armour
 b - a +0 scale mail (worn)
 c - a +0 buckler (worn)
 r - a +1 pair of gloves (worn)
Jewellery
 g - a ring of resist corrosion (left hand)
 h - a ring of wizardry
 k - a ring of see invisible (right hand)
 n - a ring of fire
Scrolls
 e - 2 scrolls of enchant weapon {unknown}
 f - a scroll of fear {unknown}
 i - a scroll of poison {unknown}
 j - 4 scrolls of identify {unknown}
 m - a scroll of torment {unknown}
 o - a scroll of teleportation {unknown}
 p - a scroll of amnesia {unknown}
 q - 3 scrolls of fog {unknown}
Potions
 d - a potion of might
 l - a potion of enlightenment {unknown}
 s - 2 potions of curing {unknown}


   Skills:
 + Level 5.3 Fighting
 + Level 5.0 Axes
 + Level 4.5 Armour
 + Level 1.0 Dodging
 + Level 0.6 Stealth
 + Level 4.2 Shields


You had 4 spell levels left.
You didn't know any spells.
Your spell library contained the following spells:

 Spells                   Type           Power      Damage    Failure   Level
 Magic Dart               Conj           0%         1d3       86%         1
 Sandblast                Erth           0%         2d4       86%         1
 Call Imp                 Summ           0%         N/A       95%         2
 Passwall                 Tmut/Erth      0%         N/A       95%         2
 Mephitic Cloud           Conj/Pois/Air  0%         N/A       99%         3
 Stone Arrow              Conj/Erth      0%         3d7       99%         3


Dungeon Overview and Level Annotations

Branches:
Dungeon (4/15)
 Temple: D:4-7

Altars:
Ru
The Shining One

Portals:
Abyss: D:3

Annotations:
D:3 2 transporters, Dittersdorf's ghost, amateur GrFi
D:4 Sigmund


Innate Abilities, Weirdness & Mutations

You have a pair of horns on your head.
You reflexively headbutt those who attack you in melee.


Message History

The ball python constricts you.
Sigmund hits you from afar with a +0 scythe.
You barely miss the ball python. The ball python loses its grip on you.
The ball python bites you but does no damage.
The ball python grabs you. The ball python constricts you.
The ball python barely misses you.
You barely miss the ball python. You hit the ball python.
You kill the ball python!
Sigmund hits you from afar with a +0 scythe!
The ball python bites you but does no damage.
The ball python grabs you. The ball python constricts you.
You hit the ball python. You headbutt the ball python.
You kill the ball python!
Sigmund hits you from afar with a +0 scythe!
Sigmund says, "Look into my eyes."
Sigmund hits you with a +0 scythe!
You see here a +0 club.
You closely miss Sigmund. Sigmund hits you with a +0 scythe.
* * * LOW HITPOINT WARNING * * *
You closely miss Sigmund. You hit Sigmund.
Sigmund is lightly wounded.
Sigmund points at you and mumbles some strange words.
The puff of flame hits you!
* * * LOW HITPOINT WARNING * * *
Sigmund barely misses you.
You closely miss Sigmund.
Sigmund is lightly wounded.
You block Sigmund's attack.
You slash Sigmund!
Sigmund is heavily wounded.
You slash Sigmund! You headbutt Sigmund.
Sigmund is almost dead.
Sigmund hits you but does no damage.
You barely miss Sigmund.
Sigmund is almost dead.
Sigmund gestures at you while chanting.
You are confused.
Sigmund hits you with a +0 scythe.
You die...

#.# #.#.#...............#.###
#.# #.#.#.#.##....##......###
#.####.#......................
#......###.#.##....##.####.###
#.###........................
#.# #.####....................
#.# #.##...........##.##......
#.# #.####....†........ ..(##
### #†# #.#.#@@.#.##.#. ....
#.# #.#.#........... ..# #.#
....#......... #.# #.#
.#.........#..
#.#..#.###........ #.#....
......... #######.#..##
#....##.# #.......#...
#....##.# #######.#..#####.
...


You could see Sigmund (invisible).

Vanquished Creatures
  An iguana (D:3)
  Terence (D:2)
  2 orc wizards (D:3)
  4 gnolls (D:4)
  4 adders
  A worm (D:2)
  4 dart slugs
  6 orcs (D:3)
  13 ball pythons
  4 bats
  4 endoplasms
  2 giant cockroaches
  4 goblins
  4 hobgoblins
  8 kobolds
  2 quokkas
  5 frilled lizards
  5 rats
74 creatures vanquished.

Notes
Turn   | Place    | Note
-------+----------+-------------------------------------------
     0 | D:1      | randomguy2701 the Minotaur Fighter began the quest for the
                  | Orb.
     0 | D:1      | Reached XP level 1. HP: 19/19 MP: 0/0
   169 | D:1      | Reached XP level 2. HP: 27/27 MP: 1/1
   551 | D:1      | Found a faded altar of an unknown god.
   624 | D:2      | Reached XP level 3. HP: 29/33 MP: 2/2
   932 | D:2      | Noticed Terence
   938 | D:2      | Killed Terence
   939 | D:2      | Reached XP level 4. HP: 28/41 MP: 3/3
  1173 | D:2      | Reached skill level 5 in Fighting
  1627 | D:3      | Noticed an ancient zyme
  1630 | D:3      | Noticed Dittersdorf's ghost (amateur GrFi)
  1634 | D:3      | Found a transporter.
  1638 | D:3      | Found a transporter.
  1643 | D:3      | Found a one-way gate to the infinite horrors of the Abyss.
  1659 | D:3      | Found a sacrificial altar of Ru.
  1806 | D:3      | Reached XP level 5. HP: 48/48 MP: 4/4
  2238 | D:3      | Found a glowing golden altar of the Shining One.
  2480 | D:4      | Reached skill level 5 in Axes
  2484 | D:4      | Reached skill level 1 in Dodging
  2783 | D:4      | Noticed Sigmund
  2795 | D:4      | HP: 1/48 [Sigmund/puff of flame (10)]
  2799 | D:4      | Slain by Sigmund

Illustrated notes

Levels and vault maps discovered:
D:1:      dpeg_arrival_erosion, layout_rooms, serial_curves, eino_curves_03,
          eino_curves_02, dilly_ecumenical_altar_fadedgnrine
D:2:      layout_loops_cross, serial_forest, infiniplex_forest_zigzag_1,
          infiniplex_forest_straight_5, infiniplex_forest_clump_small,
          infiniplex_forest_fountain, infiniplex_forest_clump_curved,
          infiniplex_forest_pool, infiniplex_forest_lined_4_way,
          infiniplex_forest_zigzag_1, infiniplex_forest_end_double, uniq_terence
D:3:      layout_loops_ring, nicolae_ru_great_annihilating_truth, tso_altar,
          gammafunk_ghost_abyssal_escape, minmay_misc_feat_iff
D:4:      layout_basic, uniq_robin, uniq_sigmund

Skill      XL: |  1  2  3  4  5 |
---------------+----------------+-----
Fighting       | 4 5 |  5.3
Armour         | 4 |  4.5
Shields        | 4 |  4.2
Axes           | 3 4 5 |  5.0
Dodging        | 1 |  1.0
Stealth        | |  0.6

Action                     |  1- 3 |  4- 6 || total
---------------------------+-------+-------++-------
  Melee: War axe           |    65 |    99 ||   164
         Headbutt          |     6 |    15 ||    21
   Stab: Paralysed         |       |     2 ||     2
 Armour: Scale mail        |    23 |    43 ||    66
  Dodge: Dodged            |    26 |    47 ||    73
  Block: Buckler           |    16 |    15 ||    31

Table legend: (Time is in decaauts)
 A = Elapsed time spent in this place.
 B = Non-inter-level travel time spent in this place.
 C = Inter-level travel time spent in this place.
 D = Time resting spent in this place.
 E = Time spent auto-exploring this place.
 F = Levels seen in this place.
 G = Mean time per level.
                   A        B        C        D        E       F      G
               +--------+--------+--------+--------+--------+-----+--------+
         Total |   2858 |   2722 |    136 |      0 |   2216 |   4 |  714.5 |
       Dungeon |   2858 |   2722 |    136 |      0 |   2216 |   4 |  714.5 |
               +--------+--------+--------+--------+--------+-----+--------+

Top non-repeatable levels by time:
     D:2: 977 daAuts
     D:3: 896 daAuts
     D:1: 624 daAuts
     D:4: 361 daAuts
